 Dungeon Crawl Stone Soup version 0.20-a0-945-g3bf614a (webtiles) character file.

64871 braks the Carver (level 15, 123/123 HPs)
             Began as a Hill Orc Fighter on Mar 29, 2017.
             Was the Champion of Beogh.
             Quit the game on level 14 of the Dungeon on Apr 1, 2017.
             The game lasted 01:38:01 (26410 turns).

braks the Carver (Hill Orc Fighter)                Turns: 26410, Time: 01:38:01

Health: 123/123    AC: 22    Str: 23    XL:     15   Next: 14%
Magic:  24/24      EV: 18    Int:  8    God:    Beogh [******]
Gold:   2019       SH:  0    Dex: 16    Spells: 14/14 levels left

rFire    + . .     SeeInvis .   z - +3 great sword
rCold    + + .     Gourm    .   (shield currently unavailable)
rNeg     . . .     Faith    .   B - +2 scale mail {MR+}
rPois    .         Spirit   +   o - +2 helmet
rElec    .         Reflect  .   M - scarf {rC+}
rCorr    +         Harm     .   W - +0 pair of fencer's gloves {+Riposte Dex+3}
MR       +++..                  (no boots)
Stlth    ..........             S - amulet of guardian spirit
Regen    0.3/turn               N - ring of protection from fire
MPRegen  0.2/turn               w - ring of resist corrosion

@: no status effects
A: walk on water, icy blue scales 1, iridescent scales 2, cold resistance 1,
magic resistance 1, no potion heal 2
a: Smiting, Recall Orcish Followers, Give Item to Named Follower, Resurrection,
Renounce Religion


You were on level 14 of the Dungeon.
You worshipped Beogh.
Beogh was exalted by your worship.
You were not hungry.

You visited 4 branches of the dungeon, and saw 22 of its levels.
You also visited: Ice Cave.

You collected 2019 gold pieces.

Inventory:

Hand Weapons
 z - a +3 great sword (weapon)
 O - the +7 rapier of Jogiwka {pierce, rC+ Str+3}
   (You found it on level 3 of the Lair of Beasts)

   It inflicts extra damage upon your enemies.
   It affects your strength (+3).
   It protects you from cold.
 T - a +5 glaive
Missiles
 G - 11 javelins (quivered)
 J - 8 curare-tipped needles
Armour
 a - a +3 plate armour
 o - a +2 helmet (worn)
 A - the +0 robe of the Dropbear {Dex+6, unknown}
   (You found it on level 6 of the Lair of Beasts)

   It affects your dexterity (+6).
 B - a +2 scale mail of magic resistance (worn)
 M - a scarf of cold resistance (worn)
 W - the +0 pair of fencer's gloves (worn) {+Riposte Dex+3}
   (You found it on level 3 of the Lair of Beasts)

   It affects your dexterity (+3).
Jewellery
 p - an uncursed ring of positive energy
 w - a ring of resist corrosion (right hand)
 N - a ring of protection from fire (left hand)
 S - an amulet of guardian spirit (around neck)
 U - an uncursed ring of magical power {unknown}
 V - an uncursed ring of flight {unknown}
 X - an uncursed amulet of rage
Wands
 b - a wand of paralysis (4/24)
 c - a wand of polymorph (4/24)
 j - a wand of scattershot (3/9)
 n - a wand of acid (8/15)
 r - a wand of flame (17/48)
 E - a wand of digging (14/24)
 L - a wand of digging (14/24)
 P - a wand of iceblast (13/15)
 R - a wand of iceblast (2/15)
Scrolls
 d - a scroll of summoning {unknown}
 h - a scroll of fog
 k - 8 scrolls of remove curse
 u - a scroll of holy word
 y - 4 scrolls of teleportation
 C - 3 scrolls of amnesia
 I - a scroll of enchant armour
 K - 2 scrolls of fear
 Z - a scroll of blinking
Potions
 g - a potion of curing
 l - 2 potions of resistance
 m - a potion of cancellation
 D - a potion of magic
 F - a potion of lignification
Books
 s - a book of Burglary

   Spells                             Type                      Level
   a - Swiftness                      Charms/Air                   2
   b - Passwall                       Transmutation/Earth          2
   c - Passage of Golubria            Translocation                4
   d - Lee's Rapid Deconstruction     Earth                        5
   e - Darkness                       Hexes                        6
   f - Invisibility                   Hexes                        6
 v - a book of Flames

   Spells                             Type                      Level
   a - Flame Tongue                   Conjuration/Fire             1
   b - Throw Flame                    Conjuration/Fire             2
   c - Conjure Flame                  Conjuration/Fire             3
   d - Inner Flame                    Hexes/Fire                   3
   e - Sticky Flame                   Conjuration/Fire             4
   f - Fireball                       Conjuration/Fire             5
Miscellaneous
 e - a phantom mirror
 t - a phial of floods
Comestibles
 f - 3 bread rations
 i - 9 meat rations
 q - 14 royal jellies
 x - 38 fruits
 Q - 7 chunks of flesh


   Skills:
 - Level 8.9 Fighting
 - Level 14.1 Long Blades
 + Level 12.4 Armour
 + Level 10.9 Dodging
   Level 3.2 Shields
 - Level 13.0 Invocations
 - Level 9.7 Evocations


You had 14 spell levels left.
You didn't know any spells.

Dungeon Overview and Level Annotations

Branches:
Dungeon (14/15)            Temple (1/1) D:4            Lair (6/6) D:10
  Swamp (0/4) Lair:4       Spider (0/4) Lair:2        Slime (0/5) Lair:5
    Orc (1/2) D:11
 Vaults: D:13-14

Altars:
Ashenzari
Cheibriados
Dithmenos
Elyvilon
Gozag
Kikubaaqudgha
Makhleb
Okawaru
Qazlal
Ru
Sif Muna
Trog
Vehumet
Xom
Zin
Beogh
Jiyva

Portals:
Trove: D:14 (show slimy rune of Zot)

Annotations:
D:5 exclusion: downstairs


Innate Abilities, Weirdness & Mutations

You can walk on water.
You are partially covered in icy blue scales. (AC +2)
You are mostly covered in iridescent scales. (AC +4)
Your flesh is cold resistant. (rC+)
You are resistant to hostile enchantments. (MR+)
Potions are poor at restoring your health.


Message History

You drop a +4 ring of intelligence.
You swap places.
You swap places.
Things that are here:
a +4 ring of intelligence; a +3 ring of evasion; a +0 cloak You swap places.
You swap places.
You swap places.
You swap places.
Things that are here:
a +4 ring of intelligence; a +3 ring of evasion; a +0 cloak
d - a scroll labeled HUINUZYIFY You swap places.
Okay, then.
Saving game... please wait.
Warning: Bad travel_delay: "1 (or -1 online)" (~/.crawlrc:5) Welcome back, braks the Hill Orc Fighter.
Beogh says: Drown the unbelievers in a sea of blood!
Press ? for a list of commands and other information.
Are you sure you want to abandon this character and quit the game? (Confirm with "yes".)

###o#
#.####.####.#####....o..###
#o###.####.# #.# #.#####.# #
#.o...o.o..# #.# #.# #.# #
######o##### ##.## #.# .o. #o#
#...# #.# #.9.# #######.# #...#
#.##.#...# ##.....oo# #...# #...
....# ##.#####.# #####.o.####.#
# ..#
.#.#####.###....@oo.oo..##.#
.#.##......)......ooo......#..
.#.##.##.###............####..
##.##.##.# #####...####.# ..
.........# #...# #... .##
##.##.##.# #...# ##### ..#
....#.##.# #...# #.# .........#
##.## ########.#
##..#.###########.#####.......∩#


You could see the friendly Geork the orc warlord, the friendly Marbaugh the orc
warlord, a friendly orc knight, the friendly Blodwig the orc knight, the
friendly Hawl the orc knight, a friendly orc warrior, a friendly orc wizard and
a friendly orc.

Vanquished Creatures
  A ghost moth (Lair:3)
  2 centaur warriors (D:13)
  4 two-headed ogres
  An unseen horror (D:13)
  Pikel (D:6)
  An orc sorcerer (Orc:1)
  3 ugly things
  A black mamba (Lair:4)
  A gargoyle (D:13)
  2 kobold demonologists (D:13)
  6 spiny frogs
  3 komodo dragons
  2 polar bears
  2 trolls
  2 dream sheep (Lair:3)
  5 blink frogs
  7 hippogriffs
  24 yaks
  A wyvern (D:13)
  A hog (Lair:5)
  A wraith (D:13)
  Eustachio (D:6)
  2 fire elementals (D:14)
  A basilisk (Lair:2)
  3 vampire mosquitoes
  5 water moccasins
  An acid dragon (D:12)
  3 hell hounds (D:14)
  4 porcupines
  7 ice beasts
  4 orc warriors
  2 sky beasts
  8 wolves
  5 ogres
  8 centaurs
  4 crocodiles
  5 big kobolds
  9 bullfrogs
  4 scorpions
  A killer bee (D:13)
  4 wights
  2 vampire bats (D:5)
  3 electric eels (D:12)
  2 howler monkeys
  5 crimson imps
  A quasit (D:10)
  4 centaur zombies
  Crazy Yiuf (D:2)
  3 bullfrog zombies
  3 jellies
  6 centaur skeletons
  8 hounds
  7 orc priests
  A bullfrog skeleton (D:11)
  3 iguanas
  Terence (D:3)
  3 orc wizards
  8 worker ants
  A hound skeleton (D:9)
  A worker ant zombie (D:5)
  12 adders
  2 shadow imps
  5 oozes
  An adder skeleton (D:7)
  A worm (D:2)
  A dart slug (D:3)
  5 leopard geckos
  30 orcs
  6 bats
  3 bat skeletons (D:5)
  2 bat zombies (D:5)
  7 giant cockroaches
  10 hobgoblins
  14 jackals
  28 kobolds
  A quokka (D:8)
  A ball python (D:3)
  6 frilled lizards
  A giant cockroach zombie (D:5)
  9 goblins
  A jackal skeleton (D:4)
  2 quokka skeletons (D:5)
  A quokka zombie (D:7)
  5 rats
  A fungus (Lair:6)
  9 plants
379 creatures vanquished.

Vanquished Creatures (collateral kills)
  Rupert (D:13)
  Kirke (Lair:5)
  Azrael (D:14)
  A minotaur (Lair:1)
  Josephine (D:13)
  4 catoblepae (Lair:6)
  7 hydras
  A centaur warrior (D:13)
  A two-headed ogre (D:14)
  10 death yaks
  Urug (D:14)
  The ghost of feamirim the Cleaver, a journeyman GrFi of Okawaru (Lair:1)
  4 unseen horrors
  A deep elf mage (D:13)
  A wolf spider (D:13)
  3 manticores
  4 black mambas (Lair:1)
  9 ugly things
  A gargoyle (D:14)
  3 centaur skeletons
  9 spiny frogs
  A kobold demonologist (D:13)
  4 rime drakes
  3 komodo dragons
  A tengu conjurer (D:13)
  2 trolls
  A hornet (D:12)
  2 polar bears
  5 hippogriffs
  13 blink frogs
  5 dream sheep (Lair:3)
  7 slime creatures
  A vampire (D:13)
  A wyvern (Lair:2)
  A redback (Lair:2)
  2 shadows
  52 yaks
  A water elemental (D:12)
  5 wraiths (D:13)
  A fire elemental (D:14)
  4 hogs (Lair:5)
  4 basilisks
  A steam dragon (Lair:5)
  3 vampire mosquitoes (D:12)
  10 water moccasins
  A phantom (D:9)
  3 orc warriors
  4 porcupines
  3 sky beasts
  6 ice beasts
  2 eyes of draining
  2 black bears
  An eye of draining (shapeshifter) (D:14)
  2 ogres
  20 wolves
  7 crocodiles
  2 big kobolds (D:13)
  8 bullfrogs
  A wyvern skeleton (D:13)
  2 scorpions
  3 killer bees (D:13)
  3 electric eels
  2 centaur zombies (D:12)
  A quasit (D:11)
  2 orc priests
  4 worker ants
  3 adders (Lair:1)
  2 shadow imps (D:11)
  8 orcs
  3 kobolds
  A bush (Lair:6)
  10 fungi
  16 plants
317 creatures vanquished.

Vanquished Creatures (others)
  3 orc priests
  A slave (D:6)
  A centaur skeleton (D:6)
  6 orc wizards
  A killer bee zombie (D:6)
  An adder zombie (D:5)
  A leopard gecko (D:5)
  36 orcs
  A jackal (D:5)
  A fungus (Lair:1)
  3 plants
55 creatures vanquished.

Grand Total: 751 creatures vanquished

Notes
Turn   | Place    | Note
-------+----------+-------------------------------------------
     0 | D:1      | braks the Hill Orc Fighter began the quest for the Orb.
     0 | D:1      | Reached XP level 1. HP: 19/19 MP: 1/1
    52 | D:1      | Reached XP level 2. HP: 22/27 MP: 2/2
   510 | D:1      | Reached skill level 5 in Fighting
   510 | D:1      | Reached XP level 3. HP: 36/36 MP: 3/3
  1214 | D:2      | Reached XP level 4. HP: 43/44 MP: 4/4
  1571 | D:2      | Found a runed door.
  1621 | D:2      | Noticed Crazy Yiuf
  1626 | D:2      | Killed Crazy Yiuf
  1626 | D:2      | Reached skill level 3 in Long Blades
  1696 | D:3      | Reached XP level 5. HP: 50/50 MP: 5/5
  2183 | D:3      | Noticed Terence
  2194 | D:3      | Killed Terence
  2416 | D:4      | Reached skill level 4 in Long Blades
  2476 | D:4      | Reached XP level 6. HP: 57/57 MP: 6/6
  2558 | D:4      | Found a staircase to the Ecumenical Temple.
  2603 | Temple   | Entered the Ecumenical Temple
  2623 | D:4      | Reached skill level 5 in Long Blades
  2927 | D:5      | Entered Level 5 of the Dungeon
  2934 | D:5      | Reached skill level 6 in Long Blades
  2964 | D:5      | Reached XP level 7. HP: 53/63 MP: 7/7
  3039 | D:5      | Found an iron altar of Okawaru.
  3083 | D:5      | Noticed a yak
  3084 | D:5      | Noticed a yak
  3085 | D:5      | Noticed a yak
  3110 | D:5      | Reached skill level 7 in Long Blades
  3116 | D:5      | Killed a yak
  3116 | D:5      | Reached skill level 8 in Long Blades
  3132 | D:5      | Killed a yak
  3132 | D:5      | Reached XP level 8. HP: 19/70 MP: 8/8
  3148 | D:5      | Killed a yak
  3148 | D:5      | Reached skill level 9 in Long Blades
  3610 | D:5      | Became a worshipper of Beogh the Brigand
  3659 | D:5      | Reached skill level 1 in Invocations
  3735 | D:5      | Found an ancient bone altar of Kikubaaqudgha.
  3950 | D:5      | Reached skill level 1 in Dodging
  4035 | D:5      | Found a shattered altar of Ashenzari.
  4092 | D:5      | Found a burning altar of Makhleb.
  4093 | D:5      | Noticed a balrug
  4096 | D:5      | Found a glowing silver altar of Zin.
  4097 | D:5      | Noticed an angel
  4147 | D:6      | Found a radiant altar of Vehumet.
  4154 | D:6      | Reached * piety under Beogh
  4185 | D:6      | Noticed Pikel
  4200 | D:6      | Killed Pikel
  4200 | D:6      | Reached skill level 5 in Invocations
  4200 | D:6      | Reached XP level 9. HP: 67/79 MP: 10/13
  4291 | D:6      | Found a shadowy altar of Dithmenos.
  4688 | D:6      | Noticed Eustachio
  4722 | D:6      | Killed Eustachio
  5161 | D:6      | Noticed a two-headed ogre
  5173 | D:6      | HP: 4/81 [two-headed ogre/giant club (30)]
  5771 | D:7      | Found a deep blue altar of Sif Muna.
  5908 | D:7      | Reached ** piety under Beogh
  6092 | D:7      | Found a shimmering altar of Xom.
  6111 | D:7      | Found a sacrificial altar of Ru.
  6182 | D:7      | Found a shimmering altar of Xom.
  6334 | D:7      | Found a white marble altar of Elyvilon.
  6426 | D:8      | Noticed a two-headed ogre
  6434 | D:8      | Killed a two-headed ogre
  6434 | D:8      | Reached XP level 10. HP: 68/90 MP: 15/17
  7311 | D:8      | Reached skill level 10 in Long Blades
  7337 | D:8      | Reached skill level 10 in Invocations
  7393 | D:8      | Noticed a two-headed ogre
  7403 | D:8      | Killed a two-headed ogre
  7774 | D:8      | Reached *** piety under Beogh
  7837 | D:9      | Found an opulent altar of Gozag.
  7860 | D:9      | Reached skill level 1 in Evocations
  7979 | D:9      | Found a stormy altar of Qazlal.
  8104 | D:9      | Found a bloodstained altar of Trog.
  8642 | D:9      | You fall through a shaft!
  8642 | D:10     | Entered Level 10 of the Dungeon
  8843 | D:10     | Reached skill level 11 in Long Blades
  8851 | D:10     | Reached XP level 11. HP: 55/95 MP: 16/19
  8883 | D:10     | Found a roughly hewn altar of Beogh.
  9703 | D:10     | Found a staircase to the Lair.
 10539 | D:11     | Noticed a brown ugly thing
 10550 | D:11     | Killed a brown ugly thing
 10826 | D:11     | Noticed a seven-headed hydra
 10833 | D:11     | HP: 2/95 [seven-headed hydra (5)]
 10835 | D:11     | Killed a seven-headed hydra
 11345 | D:11     | Reached **** piety under Beogh
 11349 | D:11     | Gained mutation: You expend magic power (3 MP) to strengthen your wands. [mutagenic meat]
 11350 | D:11     | Gained mutation: Your flesh is cold resistant. (rC+) [mutagenic meat]
 11351 | D:11     | Gained mutation: Your spells are a little harder to cast, but a little more powerful. [mutagenic meat]
 11352 | D:11     | Gained mutation: Potions are less effective at restoring your health. [mutagenic meat]
 11353 | D:11     | Gained mutation: You are weak. (Str -2) [mutagenic meat]
 11460 | D:11     | Reached skill level 5 in Armour
 11575 | D:11     | Found a staircase to the Orcish Mines.
 11902 | D:11     | Reached skill level 5 in Evocations
 12081 | Orc:1    | Entered Level 1 of the Orcish Mines
 12085 | Orc:1    | Noticed an orc sorcerer
 12086 | Orc:1    | Paralysed by an orc sorcerer for 4 turns
 12093 | Orc:1    | Killed an orc sorcerer
 12513 | Lair:1   | Entered Level 1 of the Lair of Beasts
 12728 | Lair:1   | Reached skill level 12 in Long Blades
 12851 | Lair:1   | Noticed feamirim's ghost (journeyman GrFi)
 12862 | Lair:1   | Killed feamirim's ghost
 13290 | Lair:1   | Noticed an eight-headed hydra
 13294 | Lair:1   | Noticed a minotaur
 13294 | Lair:1   | an eight-headed hydra changed into a minotaur
 13297 | Lair:1   | Killed a minotaur
 13559 | Lair:1   | Gained Geork as an ally
 13678 | Lair:1   | Reached XP level 12. HP: 85/103 MP: 20/20
 14574 | Lair:1   | Reached ***** piety under Beogh
 15674 | Lair:2   | Found a hole to the Spider Nest.
 15766 | Lair:2   | Reached skill level 13 in Long Blades
 15863 | Lair:2   | Noticed an eight-headed hydra
 15870 | Lair:2   | Killed an eight-headed hydra
 15877 | Lair:2   | Found a frozen archway.
 15889 | Lair:2   | Gained Marbaugh as an ally
 16017 | IceCv    | Entered an ice cave
 17355 | Lair:2   | Upgraded the game from 0.20-a0-927-g1ae2c61 to 0.20-a0-939-g04f5055
 17634 | Lair:3   | Reached XP level 13. HP: 95/110 MP: 22/22
 17735 | Lair:3   | Found a shadowy altar of Dithmenos.
 18279 | Lair:3   | Got a faintly glowing rapier
 18280 | Lair:3   | Identified the +7 rapier of Jogiwka {pierce, rC+ Str+3} (You found it on level 3 of the Lair of Beasts)
 18589 | Lair:3   | Killed a ghost moth
 18590 | Lair:3   | Lost mutation: You are weak. (Str -2) [potion of mutation]
 18590 | Lair:3   | Lost mutation: Your spells are a little harder to cast, but a little more powerful. [potion of mutation]
 18590 | Lair:3   | Lost mutation: You expend magic power (3 MP) to strengthen your wands. [potion of mutation]
 18590 | Lair:3   | Gained mutation: You are dopey. (Int -2) [potion of mutation]
 18590 | Lair:3   | Gained mutation: You are resistant to hostile enchantments. (MR+) [potion of mutation]
 18590 | Lair:3   | Gained mutation: You are partially covered in iridescent scales. (AC +2) [potion of mutation]
 18591 | Lair:3   | Lost mutation: You are dopey. (Int -2) [potion of mutation]
 18591 | Lair:3   | Gained mutation: You have large cloven feet. [potion of mutation]
 18591 | Lair:3   | Gained mutation: Potions are poor at restoring your health. [potion of mutation]
 18591 | Lair:3   | Gained mutation: You are highly resistant to hostile enchantments. (MR++) [potion of mutation]
 18603 | Lair:3   | Lost mutation: You are highly resistant to hostile enchantments. (MR++) [potion of mutation]
 18603 | Lair:3   | Lost mutation: You have large cloven feet. [potion of mutation]
 18603 | Lair:3   | Gained mutation: You are partially covered in icy blue scales. (AC +2) [potion of mutation]
 18603 | Lair:3   | Gained mutation: You are mostly covered in iridescent scales. (AC +4) [potion of mutation]
 18604 | Lair:3   | HP: 7/165 [poisoned by a ghost moth]
 18606 | Lair:3   | HP: 3/110 [poisoned by a ghost moth]
 18674 | Lair:3   | HP: 5/110 [poisoned by a ghost moth]
 19166 | Lair:4   | Reached skill level 14 in Long Blades
 19302 | Lair:4   | Reached ****** piety under Beogh
 19383 | Lair:4   | Found a staircase to the Swamp.
 19696 | Lair:4   | Reached skill level 5 in Dodging
 19702 | Lair:4   | Gained Hawl as an ally
 20382 | Lair:5   | Found a viscous altar of Jiyva.
 20382 | Lair:5   | Found a staircase to the Slime Pits.
 20404 | Lair:5   | Gained Blodwig as an ally
 20701 | Lair:5   | Noticed Kirke
 20709 | Lair:5   | Killed Kirke
 20906 | Lair:6   | Entered Level 6 of the Lair of Beasts
 21058 | Lair:6   | Got a tattered robe
 21981 | Lair:6   | Reached XP level 14. HP: 114/116 MP: 23/23
 23943 | D:12     | Reached skill level 10 in Armour
 24315 | D:13     | Noticed Rupert
 24325 | D:13     | Killed Rupert
 24806 | D:13     | Reached skill level 10 in Dodging
 25390 | D:13     | Noticed Josephine
 25397 | D:13     | Killed Josephine
 25718 | D:14     | Noticed Azrael
 25733 | D:14     | Killed Azrael
 25920 | D:14     | Found a portal to a secret trove of treasure.
 25931 | D:14     | Reached XP level 15. HP: 108/123 MP: 20/24
 25946 | D:14     | Noticed Urug
 25958 | D:14     | Killed Urug
 26128 | D:14     | Found a bloodstained altar of Trog.
 26269 | D:14     | Found a snail-covered altar of Cheibriados.
 26410 | D:14     | Upgraded the game from 0.20-a0-939-g04f5055 to 0.20-a0-945-g3bf614a
 26410 | D:14     | Quit the game

Vault maps used:
D:1:      lemuel_arrival_muddy, hangedman_abyss_or_decor_stabs
D:2:      uniq_crazy_yiuf_cottage
D:3:      first_bread, minmay_close_crescents, uniq_terence
D:4:      minmay_temple_entry_large_hall, hex_intersection, serial_bayou_pond_c,
          minmay_misc_feat_chi, kennysheep_another_room
D:5:      grunt_temple_overflow_order_and_chaos_2, lemuel_round_altar,
          kennysheep_vampire_church, ashenzari_altar_1
D:6:      vehumet_altar_wand_db, grunt_dithmenos_smoke_and_mirrors, uniq_pikel,
          uniq_eustachio
D:7:      nicolae_ru_great_annihilating_truth, xom_redecorated,
          lemuel_coloured_pillars_altar, nicolae_overflow_crystal_walls
D:9:      nicolae_gozag_cash_rules_everything_around_me, grunt_qazlal_clouds,
          lightli_temple_of_fire, blue_anna_alchemist
D:10:     lair_entry_dummy
D:11:     orc_0_dummy
D:12:     serial_bayou, serial_bayou_pond_e, serial_bayou_lagoon_a,
          serial_bayou_pond_d, serial_bayou_lake_a
D:13:     hangedman_cross_cluster, st_stairs_12, uniq_josephine, uniq_rupert
D:14:     david_vaults_1, cheibriados_altar_1, enter_trove_0,
          trog_ov_bears_minmay, uniq_azrael, uniq_sonja, uniq_urug
Temple:   pf_slime_end_temple
Lair:1:   minmay_guarded_unrand_snakebite, lemuel_fruit_tree
Lair:2:   spider_nest_entry_rubble, portal_ice_cave_entry_ice_beasts
Lair:3:   basic_altar, st_stairs_10
Lair:4:   wad_woods_structure_01, swamp_mist_pool, small_statue_intersection
Lair:5:   slime_altar_1, uniq_kirke
Lair:6:   evilmike_catoblepas_cave
IceCv:    ice_cave_small_giant

Skill      XL: |  1  2  3  4  5  6  7  8  9 10 11 12 13 14 |
---------------+-------------------------------------------+-----
Fighting       | 4 5 6 7 8 |  8.9
Long Blades    | 3 4 6 8 9 11 12 13 14 | 14.1
Invocations    | 5 9 10 11 12 13 | 13.0
Dodging        | 2 4 8 10 | 10.9
Evocations     | 3 6 8 9 |  9.7
Armour         | 4 6 7 8 12 | 12.4
Shields        | |  3.2

Action                   |  1- 3 |  4- 6 |  7- 9 | 10-12 | 13-15 || total
-------------------------+-------+-------+-------+-------+-------++-------
Melee: Long sword        |    94 |   212 |   332 |       |       ||   638
       Great sword       |       |       |    25 |   545 |   488 ||  1058
Invok: Convert to Beogh  |       |       |     1 |       |       ||     1
       Smiting           |       |       |       |     2 |       ||     2
       Recall Orcish Fol |       |       |       |     7 |     8 ||    15
       Give Item to Name |       |       |       |     1 |     2 ||     3
Evoke: Wand              |       |       |     6 |    11 |    22 ||    39
  Use: Potion            |     1 |     1 |     8 |     6 |    11 ||    27
       Scroll            |       |       |    11 |    13 |    11 ||    35
 Stab: Distracted        |       |       |       |     6 |     6 ||    12
       Petrifying        |       |       |       |       |     2 ||     2
  Eat: Chunk             |     1 |     6 |     7 |    20 |    20 ||    54
       Bread ration      |       |       |     1 |     5 |     2 ||     8
Armor: Scale mail        |    41 |   105 |   217 |   332 |   100 ||   795
       Plate armour      |       |       |       |       |   269 ||   269
Dodge: Dodged            |    39 |    60 |   136 |   460 |   320 ||  1015
Block: Shield            |    67 |   116 |   184 |       |       ||   367
       Rpst.: Long sword |    15 |    14 |    32 |       |       ||    61
       Great sword       |       |       |     8 |   121 |   162 ||   291
